 Dungeon Crawl Stone Soup version 0.31-a0-986-g5e6e4ef867 (webtiles) character file.

Game seed: 815579734820456913

207 timneilson the Ruffian (level 5, 0/35 HPs)
             Began as an Octopode Shapeshifter on Nov 4, 2023.
             Slain by an iguana (6 damage)
             ... on level 4 of the Dungeon.
             The game lasted 00:05:19 (2818 turns).

timneilson the Ruffian (Octopode Shapeshifter)      Turns: 2818, Time: 00:05:19

Health: 0/35       AC:  1    Str: 14 (16) XL:     5   Next: 85%
Magic:  7/7        EV: 13    Int: 10 (12) God:
Gold:   164        SH:  0    Dex:  8 (11) Spells: 6/6 levels left

rFire   . .          .
                       - Unarmed
rCold   . . .        (no shield)
rNeg    . . .        (helmet currently unavailable)
rPois   .            (no amulet)
rElec   .            (no ring)
rCorr   .            (no ring)
SInv    .            (no ring)
Will    .....        (no ring)
Stlth   +++          (no ring)
HPRegen 0.25/turn    (no ring)
MPRegen 0.10/turn    (no ring)
                     (no ring)

%: no passive effects
@: beast-form
A: beast (slay +2), almost no armour, amphibious, 8 rings, camouflage 1,
gelatinous body 1, (nimble swimmer 1), tentacles
a: Begin Untransformation


You were on level 4 of the Dungeon.
You were a hulking beast.
You visited 1 branch of the dungeon, and saw 4 of its levels.

You collected 164 gold pieces.

Inventory:

Jewellery
 j - a ring of flight
Talismans
 b - a beast talisman
 c - a flux talisman
Scrolls
 f - 3 scrolls of poison
 h - a scroll of blinking
 k - a scroll of identify
Potions
 a - a potion of lignification
 d - a potion of curing
 e - a potion of ambrosia
 g - a potion of enlightenment
 i - 2 potions of attraction {unknown}
 l - 2 potions of degeneration
 m - a potion of brilliance {unknown}


   Skills:
 * Level 2.5 Fighting
 * Level 3.0 Dodging
 + Level 2.1 Stealth
 * Level 3.8 Unarmed Combat
 + Level 1.3 Spellcasting
 * Level 3.7 Shapeshifting


You had 6 spell levels left.
You didn't know any spells.
Your spell library contained the following spells:

 Spells                   Type           Power      Damage    Failure   Level
 Freeze                   Ice            0%         1d3       32%         1
 Frozen Ramparts          Ice            0%         1d1       69%         3
 Hailstorm                Conj/Ice       0%         3d3       69%         3
 Ozocubu's Armour         Ice            0%         N/A       69%         3
 Metabolic Englaciation   Hex/Ice        0%         N/A       100%        5
 Simulacrum               Ice/Necr       0%         N/A       100%        6


Dungeon Overview and Level Annotations

Branches:
Dungeon (4/15)
 Temple: D:4-7

Altars:
Elyvilon
Fedhas
Qazlal
Ru
Sif Muna
Uskayaw
Xom

Shops:
D:2 =


Innate Abilities, Weirdness & Mutations

You are a hulking beast.
Your limbs bulge with bestial killing power. (Slay +2)
You cannot wear most types of armour.
You are amphibious.
You can wear up to eight rings at the same time.
Your skin changes colour to match your surroundings (Stealth+).
Your rubbery body absorbs attacks. (AC +1, EV +1)
((You are camouflaged when in or above water. (Stealth+)))
You have tentacles for arms and can constrict up to eight enemies at once.


Message History

The gnoll shouts!
You hear a shout! x2
The iguana bites you!
You hear an angry hiss.
You closely miss the iguana. Your grab misses the iguana.
The iguana misses you.
You tentacle-slap the iguana but do no damage.
Your grab misses the iguana.
A gnoll comes into view. It is wielding a +0 spear.
The iguana closely misses you.
You tentacle-slap the iguana. Your grab misses the iguana.
The iguana is lightly wounded.
The iguana completely misses you.
Found a stone staircase leading down.
The gnoll attacks as it pursues you! The gnoll misses you.
You barely miss the iguana. You grab the iguana.
The iguana is lightly wounded.
You constrict the iguana. The iguana bites you.
You tentacle-slap the iguana.
The iguana is moderately wounded.
You constrict the iguana, but do no damage.
The iguana closely misses you.
You tentacle-slap the iguana.
The iguana is heavily wounded.
You constrict the iguana, but do no damage.
The iguana barely misses you.
You tentacle-slap the iguana but do no damage.
The iguana is heavily wounded.
You constrict the iguana. The iguana bites you!
The gnoll hits you from afar with a +0 spear.
* * * LOW HITPOINT WARNING * * *
You release your grip on the iguana.
The iguana attacks as it pursues you! The iguana closely misses you.
You feel better. The iguana bites you.
The gnoll hits you from afar with a +0 spear!
* * * LOW HITPOINT WARNING * * *
It was a potion of degeneration.
There was something very wrong with that liquid.
You feel weakened.
You feel dopey.
You feel clumsy. The iguana bites you.
You die...

##.........#
...........##.
#..........##.#
##.........##.#
#.........##.#
#†........##.#
#.........'...
#.........##.#####
#.........##gglh.#
########..##S###.#
#..†#...#.#
#+#.....#.#
........g....#
......###....#
...... ....#
...... #.#.#
..$... .#>..


You could see an iguana, 2 gnolls and a ball python.

Vanquished Creatures
  An orc priest (D:4)
  Terence (D:3)
  3 adders
  2 dart slugs
  17 orcs
  5 ball pythons
  6 bats
  6 endoplasms
  6 giant cockroaches
  6 hobgoblins
  10 jackals
  6 quokkas
  6 frilled lizards
  7 goblins
  5 kobolds
  7 rats
94 creatures vanquished.

Notes
Turn   | Place    | Note
-------+----------+-------------------------------------------
     0 | D:1      | timneilson the Octopode Shapeshifter began the quest for
                  | the Orb.
     0 | D:1      | Reached XP level 1. HP: 13/13 MP: 1/1
    34 | D:1      | Found a faded altar of an unknown god.
    89 | D:1      | Reached XP level 2. HP: 17/18 MP: 2/2
   241 | D:1      | Reached skill level 1 in Stealth
   249 | D:1      | Reached XP level 3. HP: 22/23 MP: 3/3
   772 | D:2      | Reached XP level 4. HP: 29/29 MP: 4/4
  1040 | D:2      | Found Kutiuf's Jewellery Emporium.
  1555 | D:3      | Noticed Terence
  1566 | D:3      | Killed Terence
  1700 | D:3      | Reached skill level 1 in Spellcasting
  1753 | D:3      | Reached XP level 5. HP: 29/34 MP: 6/6
  1868 | D:3      | Found a hide-covered altar of Uskayaw.
  1976 | D:3      | Found a faded altar of an unknown god.
  1981 | D:3      | Found a stormy altar of Qazlal.
  2209 | D:3      | Found a shimmering blue altar of Sif Muna.
  2665 | D:4      | Found a shimmering altar of Xom.
  2666 | D:4      | Found a blossoming altar of Fedhas.
  2666 | D:4      | Found a sacrificial altar of Ru.
  2667 | D:4      | Found a white marble altar of Elyvilon.
  2818 | D:4      | Slain by an iguana

Illustrated notes

Levels and vault maps discovered:
D:1:      mrwooster_arrival_statue_3, layout_rooms,
          nicolae_ecumenical_lake_church
D:2:      layout_basic, serial_shops, nicolae_lakefront_shop
D:3:      minmay_general_purpose_star, layout_rooms, lemuel_blue_sif_altar,
          nicolae_overflow_ecumenical_swirl,
          mainiacjoe_overflow_six_doors_small, uniq_terence
D:4:      kennysheep_goblin_castle, layout_basic,
          chequers_temple_overflow_statue_of_worship

Skill      XL: |  1  2  3  4  5 |
---------------+----------------+-----
Stealth        | 1 2 |  2.1
Fighting       | 2 |  2.5
Spellcasting   | 1 |  1.3
Dodging        | 3 |  3.0
Unarmed Combat | |  3.8
Shapeshifting  | |  3.7

Action                     |  1- 3 |  4- 6 || total
---------------------------+-------+-------++-------
  Melee: Unarmed           |    70 |   110 ||   180
         Constrict         |    18 |    30 ||    48
         Tentacles         |    13 |    23 ||    36
         Punch             |     1 |       ||     1
    Use: Scroll            |     3 |     5 ||     8
         Potion            |       |     2 ||     2
   Stab: Sleeping          |     6 |     2 ||     8
         Distracted        |       |     1 ||     1
 Armour: Skin              |    39 |    46 ||    85
  Dodge: Dodged            |    44 |    59 ||   103

Table legend: (Time is in decaauts)
 A = Elapsed time spent in this place.
 B = Non-inter-level travel time spent in this place.
 C = Inter-level travel time spent in this place.
 D = Time resting spent in this place.
 E = Time spent auto-exploring this place.
 F = Levels seen in this place.
 G = Mean time per level.
                   A        B        C        D        E       F      G
               +--------+--------+--------+--------+--------+-----+--------+
         Total |   2806 |   2732 |     74 |    233 |   1799 |   4 |  701.5 |
       Dungeon |   2806 |   2732 |     74 |    233 |   1799 |   4 |  701.5 |
               +--------+--------+--------+--------+--------+-----+--------+

Top non-repeatable levels by time:
     D:3: 947 daAuts
     D:2: 877 daAuts
     D:1: 654 daAuts
     D:4: 327 daAuts
